 Dungeon Crawl Stone Soup version 0.21-a0-404-g291f19a (webtiles) character file.

16 Klosterheim the Insei (level 2, -1/21 HPs)
             Began as a Merfolk Transmuter on Oct 29, 2017.
             Killed from afar by Natasha (10 damage)
             ... with a magic dart
             ... on level 2 of the Dungeon on Oct 30, 2017.
             The game lasted 00:02:11 (544 turns).

Klosterheim the Insei (Merfolk Transmuter)           Turns: 544, Time: 00:02:12

Health: -1/21      AC:  3    Str: 10    XL:     2   Next: 58%
Magic:  3/5        EV: 13    Int: 12    God:
Gold:   98         SH:  0    Dex: 14    Spells: 2/5 levels left

rFire    + . .     SeeInvis .     - Unarmed
rCold    . . .     Gourm    .   (no shield)
rNeg     . . .     Faith    .   n - +1 robe {rF+}
rPois    .         Spirit   .   (no helmet)
rElec    .         Reflect  .   (no cloak)
rCorr    .         Harm     .   (no gloves)
MR       .....                  (no boots)
Stlth    ..........             (no amulet)
HPRegen  0.07/turn              m - ring of wizardry
MPRegen  0.09/turn              j - ring of loudness (curse)

@: slowed, very slow
A: change form in water, swift swim, stealthy swim
a: no special abilities


You were on level 2 of the Dungeon.
You were not hungry.

You visited 1 branch of the dungeon, and saw 2 of its levels.

You collected 98 gold pieces.

Inventory:

Missiles
 a - 34 arrows
Armour
 n - a +1 robe of fire resistance (worn)
Jewellery
 i - a +2 ring of intelligence
 j - a cursed ring of loudness (right hand)
 m - a ring of wizardry (left hand)
Scrolls
 h - a scroll of teleportation
 o - a scroll of remove curse {unknown}
 p - a scroll of fear {unknown}
Potions
 b - a potion of heal wounds {unknown}
 e - a potion of degeneration {unknown}
 k - a potion of flight {unknown}
 l - a potion of haste {unknown}
Books
 c - a book of Changes

   Spells                             Type                      Level
   a - Beastly Appendage              Transmutation                1
   b - Sticks to Snakes               Transmutation                2
   c - Spider Form                    Transmutation/Poison         3
   d - Ice Form                       Ice/Transmutation            4
   e - Blade Hands                    Transmutation                5
Comestibles
 d - a bread ration
 f - a meat ration
 g - 2 chunks of flesh


   Skills:
 - Level 1.1 Fighting
 + Level 3.0 Dodging
 * Level 3.6 Unarmed Combat
 + Level 2.1 Spellcasting
 * Level 3.3 Transmutations


You had 2 spell levels left.
You knew the following spells:

 Your Spells              Type           Power        Failure   Level  Hunger
a - Beastly Appendage     Tmut           #.....       2%          1    ##.....
b - Sticks to Snakes      Tmut           #.......     4%          2    ###....


Dungeon Overview and Level Annotations

Branches:
Dungeon (2/15)

Altars:

Annotations:
D:2 Natasha


Message History

You are too injured to fight recklessly!
You are too injured to fight recklessly!
Casting: Beastly Appendage
Confirm with . or Enter, or press ? or * to list all spells.
You create a snake!
You now have 34 arrows.
Natasha barely misses you.
Natasha mumbles some strange words.
Natasha wildly gestures.
You feel troubled. Natasha claws you but does no damage.
You swap places.
Your ball python barely misses Natasha. x2
Natasha mumbles some strange words.
Your ball python bites Natasha.
Your ball python grabs Natasha.
Your ball python constricts Natasha.
Your horns disappear.
Your ball python bites Natasha but does no damage.
Your ball python constricts Natasha.
Natasha claws your ball python.
Your ball python dies!
Natasha casts a spell at you. The magic dart hits you!
You die...

#..... #..=... ....... #
....... #.#### ....... ...#
.......
#####.########?......
#####.........@.h55......
###.....###>.#######.......
..<.##### ##.# .......
##### #..# ....... ##.#
[...... .. .$..... ...
....... ..#. ##.....


You could see Natasha, a white imp and a shadow imp.

Vanquished Creatures
  A dart slug (D:1)
  A leopard gecko (D:1)
  2 giant cockroaches (D:1)
  A hobgoblin (D:1)
  5 kobolds (D:1)
  A quokka (D:2)
  2 rats (D:1)
13 creatures vanquished.

Notes
Turn   | Place    | Note
-------+----------+-------------------------------------------
     0 | D:1      | Klosterheim the Merfolk Transmuter began the quest for the Orb.
     0 | D:1      | Reached XP level 1. HP: 15/15 MP: 3/3
    81 | D:1      | Reached XP level 2. HP: 20/21 MP: 5/5
   490 | D:1      | Learned a level 2 spell: Sticks to Snakes
   532 | D:2      | Noticed Natasha
   544 | D:2      | Killed from afar by Natasha

Vault maps used:
D:1:      enne_arrival_octagon_isle
D:2:      uniq_natasha

Skill      XL: |  1  2 |
---------------+-------+-----
Transmutations | 3 |  3.3
Dodging        | 3 |  3.0
Fighting       | |  1.1
Unarmed Combat | |  3.6
Spellcasting   | |  2.1

Action                   || total
-------------------------++-------
Melee: Unarmed           ||    36
       Headbutt          ||     8
       Punch             ||     2
 Cast: Beastly Appendage ||     7
       Sticks to Snakes  ||     1
  Use: Scroll            ||     1
Armor: Robe              ||     5
Dodge: Dodged            ||    24

Table legend:
 A = Spawn XP
 B = Non-spawn XP
 C = Spawn XP percentage of total XP
 D = Spawn monster count
 E = Non-spawn monster count
 F = Spawn count percentage of total count
 G = Total turns spent on level
                    A         B        C        D         E        F      G
               +---------+---------+-------+---------+---------+-------+---------
         Total |       0 |      24 |   0.0 |       0 |      13 |   0.0 |   544
               +---------+---------+-------+---------+---------+-------+---------
           D:1 |       0 |      22 |   0.0 |       0 |      12 |   0.0 |   507
           D:2 |       0 |       2 |   0.0 |       0 |       1 |   0.0 |    37
               +---------+---------+-------+---------+---------+-------+---------
